 Dungeon Crawl Stone Soup version 0.28-a0-691-gad6df49e81 (webtiles) character file.

Game seed: 8570479779063550519

36 Tocho the Conjurer (level 3, -9/19 HPs)
             Began as a Deep Elf Conjurer on Oct 11, 2021.
             Mangled by a wight (15 damage)
             ... on level 4 of the Dungeon on Oct 21, 2021.
             The game lasted 00:04:19 (1282 turns).

Tocho the Conjurer (Deep Elf Conjurer)              Turns: 1282, Time: 00:04:20

Health: -9/19      AC:  2    Str:  4    XL:     3   Next: 19%
Magic:  9/9        EV: 12    Int: 23    God:
Gold:   41         SH:  0    Dex: 13    Spells: 7/8 levels left

rFire   . . .      SeeInvis .   h - +0 quarterstaff
rCold   . . .      Faith    .   (shield currently unavailable)
rNeg    . . .      Spirit   .   a - +0 robe
rPois   .          Reflect  .   (no helmet)
rElec   .          Harm     .   (no cloak)
rCorr   .          Rampage  .   (no gloves)
Will    .....                   (no boots)
Stlth   +.........              (no amulet)
HPRegen 0.06/turn               (no ring)
MPRegen 0.11/turn               (no ring)

@: silenced
A: no striking features
a: no special abilities


You were on level 4 of the Dungeon.
You visited 1 branch of the dungeon, and saw 3 of its levels.

You collected 41 gold pieces.

Inventory:

Hand Weapons
 h - a +0 quarterstaff (weapon)
Armour
 a - a +0 robe (worn)
Scrolls
 c - a scroll of vulnerability {unknown}
 d - a scroll of silence
 i - a scroll of blinking {unknown}
Potions
 b - a potion of brilliance {unknown}
 e - a potion of degeneration {unknown}
 f - 2 potions of cancellation {unknown}
 g - a potion of berserk rage {unknown}
 j - a potion of heal wounds {unknown}


   Skills:
 + Level 2.7 Dodging
 + Level 2.6 Stealth
 + Level 3.4 Spellcasting
 + Level 5.2 Conjurations


You had 7 spell levels left.
You knew the following spells:

 Your Spells              Type           Power      Damage    Failure   Level
a - Magic Dart            Conj           100%       1d8       1%          1

Your spell library contained the following spells:

 Spells                   Type           Power      Damage    Failure   Level
 Searing Ray              Conj           56%        2d6       1%          2
 Dazzling Flash           Conj/Hex       30%        N/A       12%         3
 Gell's Gravitas          Tloc           1%         N/A       32%         3
 Teleport Other           Tloc           3%         N/A       32%         3
 Fulminant Prism          Conj/Hex       7%         3d7       36%         4
 Iskenderun's Mystic Bla  Conj/Tloc      15%        2d5       36%         4
 Animate Dead             Necr           1%         N/A       73%         4
 Borgnjor's Vile Clutch   Necr/Erth      1%         N/A       97%         5
 Death Channel            Necr           1%         N/A       100%        6
 Dispersal                Tloc           1%         N/A       100%        6


Dungeon Overview and Level Annotations

Branches:
Dungeon (2/15)

Altars:


Message History

The adder hisses angrily.
Aiming: Magic Dart (safe; 1% risk of failure)
Press: ? - help, Q - select action Shift-Dir - straight line, f/p - adder
Aim: an adder (lightly wounded, 100% to hit)
The magic dart hits the adder!
The adder is severely wounded.
Aiming: Magic Dart (safe; 1% risk of failure)
Press: ? - help, Q - select action Shift-Dir - straight line, f/p - adder
Aim: an adder (severely wounded, 100% to hit)
The magic dart hits the adder.
You kill the adder!
You have reached level 3!
Your experience leads to an increase in your attributes!
Increase (S)trength, (I)ntelligence, or (D)exterity?
You feel clever.
Magic restored.
You fall into a shaft and drop 2 floors!
The shaft crumbles and collapses. 5 wights come into view.
You see here 12 gold pieces.
Found 13 gold pieces.
Found a puce potion.
Found a stone staircase leading down.
Found 3 boomerangs.
The wight hits you with a +3 hand axe.
Found a There-And-Back Book.
You see here a There-And-Back Book.
You pick up a There-And-Back Book and begin reading...
You add the spells Gell's Gravitas, Teleport Other and Dispersal to your library.
A water moccasin skeleton comes into view.
As you read the scroll labelled PUH UDODUMY, it crumbles to dust.
A profound silence engulfs you.
It was a scroll of silence.
The wight hits you with a +3 hand axe!
Ouch! That really hurt!
Magic scrolls do not work when you're silenced!
You hit the water moccasin skeleton.
The water moccasin skeleton is lightly damaged.
The water moccasin skeleton closely misses you.
The wight hits you with a +3 hand axe!
Ouch! That really hurt!
You die...

#.# #.#
#z# #.#
#.#
#.#####
#...z.#
#####z#
#@# #Z#
#.# #.#
#.# #.#
#.# ..#


You could see 2 wights and a water moccasin skeleton.

Vanquished Creatures
  An adder (D:2)
  A dart slug (D:1)
  7 bats (D:1)
  A goblin (D:1)
  2 hobgoblins (D:1)
  3 jackals (D:1)
  3 kobolds (D:1)
  2 quokkas (D:1)
  A frilled lizard (D:1)
  A rat (D:1)
22 creatures vanquished.

Notes
Turn   | Place    | Note
-------+----------+-------------------------------------------
     0 | D:1      | Tocho the Deep Elf Conjurer began the quest for the Orb.
     0 | D:1      | Reached XP level 1. HP: 10/10 MP: 6/6
    79 | D:1      | Upgraded the game from 0.28-a0-653-g7e9dba17c3 to
                  | 0.28-a0-657-g71136c5590
   292 | D:1      | Reached XP level 2. HP: 15/15 MP: 5/8
   541 | D:1      | Reached skill level 5 in Conjurations
   685 | D:1      | Found a faded altar of an unknown god.
  1057 | D:1      | Upgraded the game from 0.28-a0-657-g71136c5590 to
                  | 0.28-a0-691-gad6df49e81
  1180 | D:2      | Reached XP level 3. HP: 19/19 MP: 5/9
  1217 | D:2      | You fall into a shaft and drop 2 floors!
  1282 | D:4      | Mangled by a wight

Illustrated notes

Levels and vault maps discovered:
D:1:      dpeg_arrival_oval, layout_basic,
          shapermc_ecumenical_altar_totnotflames
D:2:      layout_loops_ring
D:4:      layout_loops_ring, fedhas_altar_1, uniq_natasha, uniq_edmund,
          uniq_eustachio

Skill      XL: |  1  2 |
---------------+-------+-----
Conjurations   | 5 |  5.2
Dodging        | |  2.7
Stealth        | |  2.6
Spellcasting   | |  3.4

Action                   || total
-------------------------++-------
Melee: Quarterstaff      ||     1
 Cast: Magic Dart        ||    45
  Use: Scroll            ||     1
Armor: Robe              ||     1
Dodge: Dodged            ||    10

Table legend: (Time is in decaauts)
 A = Elapsed time spent in this place.
 B = Non-inter-level travel time spent in this place.
 C = Inter-level travel time spent in this place.
 D = Time resting spent in this place.
 E = Time spent auto-exploring this place.
 F = Levels seen in this place.
 G = Mean time per level.
                   A        B        C        D        E       F      G
               +--------+--------+--------+--------+--------+-----+--------+
         Total |   1281 |   1255 |     26 |      0 |   1101 |   3 |  427.0 |
       Dungeon |   1281 |   1255 |     26 |      0 |   1101 |   3 |  427.0 |
               +--------+--------+--------+--------+--------+-----+--------+

Top non-repeatable levels by time:
     D:1: 1060 daAuts
     D:2: 156 daAuts
     D:4: 64 daAuts
